 Dungeon Crawl Stone Soup version 0.26-a0-639-g72c4674329 (webtiles) character file.

Game seed: 8867543795317013613

107 Ijustatesigmund the Vandal (level 5, -5/36 HPs)
             Began as a Halfling Hunter on Sept 18, 2020.
             Slain by Natasha (12 damage)
             ... on level 2 of the Dungeon.
             The game lasted 00:03:33 (1462 turns).

Ijustatesigmund the Vandal (Halfling Hunter)        Turns: 1462, Time: 00:03:33

Health: -5/36      AC:  5    Str: 13    XL:     5   Next: 10%
Magic:  5/5        EV: 14    Int:  9    God:
Gold:   68         SH:  0    Dex: 16    Spells: 4/4 levels left

rFire    . . .     SeeInvis .   b - +0 short sword
rCold    . . .     Faith    .   (shield restricted)
rNeg     . . .     Spirit   .   c - +1 leather armour
rPois    .         Reflect  .   (no helmet)
rElec    .         Harm     .   e - +0 cloak
rCorr    .         Rampage  .   (no gloves)
MR       .....                  (no boots)
Stlth    ++........             (no amulet)
HPRegen  0.12/turn              (no ring)
MPRegen  0.09/turn              (no ring)

@: mighty
A: small, mutation resistance 1
a: no special abilities


You were on level 2 of the Dungeon.
You visited 1 branch of the dungeon, and saw 2 of its levels.

You collected 68 gold pieces.

Inventory:

Hand Weapons
 a - a +2 hunting sling
 b - a +0 short sword (weapon)
Missiles
 d - 4 sling bullets
Armour
 c - a +1 leather armour (worn)
 e - a +0 cloak (worn)


   Skills:
 + Level 3.3 Fighting
 + Level 7.4 Slings
 - Level 2.1 Dodging
 - Level 1.1 Stealth


You had 4 spell levels left.
You didn't know any spells.
Your spell library was empty.

Dungeon Overview and Level Annotations

Branches:
Dungeon (2/15)

Altars:

Annotations:
D:2 Natasha


Innate Abilities, Weirdness & Mutations

You are small and have problems with some larger weapons.
You are somewhat resistant to further mutation.


Message History

You shoot a sling bullet. The kobold shouts!
The sling bullet hits Natasha but does no damage.
Natasha is moderately wounded.
Natasha howls an incantation.
You feel troubled. Natasha casts a spell at you. The magic dart hits you!
You are too injured to fight recklessly!
You are too injured to fight recklessly!
You feel very mighty all of a sudden. Natasha barely misses you.
b - a +0 short sword (weapon)
Natasha casts a spell at you. The magic dart hits you.
* * * LOW HITPOINT WARNING * * *
You hit Natasha.
Natasha is heavily wounded.
Natasha claws you!
You die...

### #.. #.# #.#
#.########.##
#(.5h@......#
#####.K#######...
.(.(...(.((#
##.###..(#......
#(..# ####. #....
#...## #....
.....


You could see Natasha (strong), a crimson imp (summoned) and a kobold.

Vanquished Creatures
  Natasha (D:2)
  2 adders (D:2)
  A worm (D:2)
  3 dart slugs (D:1)
  3 leopard geckos (D:1)
  7 bats
  3 giant cockroaches (D:1)
  7 goblins
  4 hobgoblins (D:1)
  6 jackals
  A ball python (D:1)
  3 frilled lizards
  4 kobolds
  5 rats
50 creatures vanquished.

Notes
Turn   | Place    | Note
-------+----------+-------------------------------------------
     0 | D:1      | Ijustatesigmund the Halfling Hunter began the quest for the
                  | Orb.
     0 | D:1      | Reached XP level 1. HP: 14/14 MP: 1/1
    13 | D:1      | Reached skill level 6 in Slings
    46 | D:1      | Reached XP level 2. HP: 19/19 MP: 2/2
   189 | D:1      | Reached XP level 3. HP: 25/25 MP: 3/3
  1126 | D:2      | Reached XP level 4. HP: 29/30 MP: 4/4
  1172 | D:2      | Noticed Natasha
  1188 | D:2      | Killed Natasha
  1188 | D:2      | Reached skill level 7 in Slings
  1441 | D:2      | Noticed Natasha
  1442 | D:2      | Reached XP level 5. HP: 36/36 MP: 5/5
  1462 | D:2      | Slain by Natasha

Illustrated notes

Levels and vault maps discovered:
D:1:      nicolae_arrival_memento_mori, layout_loops_ring, minmay_fountain_box,
          minmay_pentomino_u4
D:2:      layout_loops_ring, okawaru_gym_becter, uniq_robin,
          uniq_crazy_yiuf_cottage, uniq_natasha

Skill      XL: |  1  2  3  4 |
---------------+-------------+-----
Slings         | 6 7 |  7.4
Fighting       | 2 3 |  3.3
Dodging        | |  2.1
Stealth        | |  1.1

Action                   |  1- 3 |  4- 6 || total
-------------------------+-------+-------++-------
Melee: Short sword       |       |     1 ||     1
 Fire: Hunting sling     |   105 |    57 ||   162
  Use: Scroll            |       |     6 ||     6
       Potion            |       |     1 ||     1
Armor: Leather armour    |     6 |     9 ||    15
Dodge: Dodged            |    14 |    21 ||    35

Table legend: (Time is in decaauts)
 A = Elapsed time spent in this place.
 B = Non-inter-level travel time spent in this place.
 C = Inter-level travel time spent in this place.
 D = Time resting spent in this place.
 E = Time spent auto-exploring this place.
 F = Levels seen in this place.
 G = Mean time per level.
                   A        B        C        D        E       F      G
               +--------+--------+--------+--------+--------+-----+--------+
         Total |   1438 |   1417 |     21 |    117 |   1039 |   2 |  719.0 |
       Dungeon |   1438 |   1417 |     21 |    117 |   1039 |   2 |  719.0 |
               +--------+--------+--------+--------+--------+-----+--------+

Top non-repeatable levels by time:
     D:1: 1063 daAuts
     D:2: 375 daAuts
